Map: Ice Cliffs

Players

iceplay - Winner!

  • Race: Zerg Zerg
  • League: Silver

Susuwatari - Winner!

  • Race: Zerg Zerg

Aresprime - Winner!

  • Race: Terran Terran

A.I. 3 (Hard)

  • Race: Terran Terran

A.I. 4 (Hard)

  • Race: Terran Terran

A.I. 5 (Hard)

  • Race: Zerg Zerg

VOD

Have the link to the VOD?

Description

Time

  • Played on: Dec. 31, 2015, 10:45 p.m.
  • Length: 12:43
Show
View Real Time Build Order
Export as new Build Order

iceplay Zerg - Winner!

Build Orders: Hatch First 

Get SALT Encoding   

  12  0:01  Drone  
  13  0:14  Overlord  
  13  0:19  Drone  
  14  0:34  Drone x2  
  16  0:37  Extractor  
  15  0:45  Drone  
  16  0:59  Drone  
  16  1:00  Hatchery  
  16  1:17  Spawning Pool  
  15  1:21  Drone  
  16  1:25  Drone  
  16  1:29  Drone  
  18  1:59  Hatchery  
  17  2:07  Queen  
  19  2:14  Drone x2  
  21  2:17  Drone  
  21  2:20  Drone  
  23  2:32  Queen  
  25  2:42  Drone x2  
  25  2:43  Drone  
  28  2:56  Overlord  
  28  3:10  Queen  
  30  3:13  Drone x4  
  30  3:17  Drone x3  
  37  3:22  Queen  
  39  3:31  Overlord  
  39  3:33  Overlord  
  39  3:44  Roach Warren  
  38  3:48  Evolution Chamber x2  
  38  3:49  Drone x2  
  38  3:51  Drone  
  39  4:07  Extractor  
  39  4:09  Drone x3  
  42  4:10  Drone x5  
  42  4:16  Extractor  
  45  4:24  Drone x3  
  45  4:29  Drone x5  
  45  4:30  Drone  
  54  4:38  Drone x3  
  57  4:41  Lair  
  57  4:49  Overlord x2  
  57  4:50  Overlord  
  57  4:55  Overlord  
  57  4:56  Overlord  
  57  5:09  Roach x6  
  57  5:11  Roach  
  57  5:13  Roach  
  73  5:15  Roach  
  73  5:17  Roach  
  73  5:19  Roach  
  77  5:40  Roach x2  
  77  5:41  Roach x6  
  77  5:42  Roach x3  
  83  5:52  Roach x5  
  91  5:57  Drone  
  91  5:59  Queen  
  94  6:07  Overlord x2  
  94  6:20  Roach  
  94  6:21  Roach  
  94  6:22  Overlord x3  
  98  6:26  Roach  
  100  6:38  Zerg Missile Weapons Level 1, Zerg Ground Armor Level 1  
  100  6:41  Glial Reconstitution  
  100  6:42  Hatchery, Metabolic Boost  
  100  6:44  Roach x2  
  103  7:11  Drone x6  
  103  7:12  Drone  
  103  7:13  Roach  
  103  7:14  Roach x5  
  122  7:24  Hydralisk Den  
  122  7:27  Infestation Pit  
  120  7:30  Zergling x12  
  120  7:35  Hatchery  
  125  7:44  Roach  
  125  7:45  Roach x3  
  133  7:53  Extractor  
  133  7:56  Drone, Extractor  
  133  7:58  Overlord x6  
  132  8:04  Muscular Augments  
  132  8:08  Hydralisk x2  
  132  8:12  Zergling x6  
  139  8:13  Zergling x2  
  140  8:20  Overlord x2  
  140  8:26  Drone  
  140  8:27  Drone x2  
  143  8:28  Drone x2  
  145  8:42  Queen  
  145  8:44  Drone  
  145  8:45  Drone x3  
  145  8:47  Hydralisk x4  
  159  8:50  Zergling x2  
  160  9:17  Hydralisk x7  
  153  9:18  Hydralisk x2  
  164  9:38  Hydralisk  
  164  9:39  Hydralisk x4  
  164  9:42  Zergling x2  
  164  9:43  Zergling x18  
  184  9:50  Hive  
  143  10:30  Roach  
  143  10:31  Roach x17  
  160  10:48  Hydralisk  
  160  10:49  Hydralisk x4  
  135  12:02  Roach x6  
  135  12:03  Roach x9  
  165  12:14  Hydralisk  
  165  12:15  Hydralisk x4  
Show
View Real Time Build Order
Export as new Build Order

Susuwatari Zerg - Winner!

Build Orders: Pool First 

Get SALT Encoding   

  12  0:05  Drone  
  13  0:14  Drone  
  13  0:18  Overlord  
  14  0:43  Drone  
  14  0:44  Drone  
  14  0:46  Overlord  
  16  0:52  Spawning Pool  
  16  0:54  Extractor  
  14  0:58  Drone  
  15  1:09  Drone  
  16  1:18  Drone  
  17  1:39  Queen  
  19  1:47  Overlord  
  19  1:49  Hatchery  
  18  1:59  Metabolic Boost  
  18  2:02  Drone x2  
  18  2:06  Drone  
  21  2:18  Overlord  
  21  2:40  Drone  
  21  2:41  Drone  
  23  2:56  Evolution Chamber x2  
  23  2:57  Drone  
  23  2:58  Drone  
  23  2:59  Drone  
  23  3:01  Overlord  
  23  3:03  Queen  
  26  3:12  Drone  
  27  3:16  Drone  
  28  3:22  Zerg Missile Weapons Level 1  
  28  3:29  Zerg Ground Armor Level 1  
  28  3:33  Extractor  
  27  3:35  Drone x2  
  29  3:41  Drone  
  29  3:42  Drone  
  31  3:54  Drone x2  
  31  3:55  Overlord  
  33  3:56  Zergling x6  
  36  4:07  Roach Warren  
  35  4:12  Drone x4  
  39  4:35  Drone x3  
  39  4:36  Drone  
  43  4:39  Zergling x4  
  43  4:40  Zergling x4  
  43  4:44  Lair  
  47  4:55  Drone  
  48  5:01  Drone x2  
  48  5:04  Extractor  
  48  5:06  Extractor  
  48  5:09  Overlord  
  48  5:12  Overlord  
  48  5:13  Roach x2  
  52  5:17  Roach x4  
  53  5:32  Roach x2  
  53  5:33  Roach  
  57  6:02  Roach x2  
  57  6:03  Roach x5  
  57  6:04  Roach  
  73  6:09  Zerg Missile Weapons Level 2  
  73  6:16  Drone  
  74  6:26  Drone x2  
  76  6:34  Overlord  
  76  6:36  Roach  
  76  6:37  Roach  
  80  6:42  Drone  
  83  6:54  Roach x4  
  83  6:55  Zergling x4  
  91  7:04  Drone  
  92  7:10  Zerg Ground Armor Level 2  
  92  7:14  Overlord  
  92  7:19  Overlord x3  
  92  7:55  Hydralisk Den  
  91  8:01  Extractor  
  91  8:03  Extractor  
  91  8:04  Hatchery  
  88  8:06  Roach  
  88  8:07  Roach x5  
  88  8:08  Roach x2  
  104  8:20  Hatchery  
  103  8:35  Muscular Augments  
  103  8:40  Spire  
  102  8:42  Overlord  
  102  8:43  Overlord, Hydralisk x4  
  102  8:44  Hydralisk  
  112  8:57  Queen  
  114  9:06  Zergling x8  
  114  9:07  Zergling x10  
  121  9:17  Queen  
  121  9:19  Hydralisk x3  
  129  9:38  Hydralisk x5  
  127  9:39  Hydralisk x2  
  140  10:06  Queen  
  142  10:08  Drone x5  
  142  10:09  Drone x4  
  142  10:11  Overlord  
  151  10:41  Mutalisk  
  151  10:42  Mutalisk, Corruptor x2  
  155  10:45  Overlord x3  
  159  11:09  Queen  
  161  11:12  Mutalisk x5  
  161  11:13  Mutalisk x2  
  175  11:26  Drone  
  175  11:27  Drone x6  
  175  11:28  Drone x2  
  164  12:13  Zergling x6  
  164  12:14  Zergling x10  
  164  12:15  Zergling x10  
  173  12:16  Zergling x4  
Show
View Real Time Build Order
Export as new Build Order

Aresprime Terran - Winner!

Build Orders: MMM Bio 

Get SALT Encoding   

  12  0:03  SCV  
  13  0:20  Supply Depot  
  13  0:21  SCV  
  14  0:33  SCV  
  15  0:46  Barracks  
  15  0:51  SCV, Refinery  
  16  1:03  SCV  
  17  1:15  SCV  
  18  1:21  Supply Depot  
  18  1:28  SCV  
  19  1:47  Barracks  
  19  2:05  Refinery  
  19  2:07  SCV  
  20  2:10  Barracks Reactor  
  20  2:19  SCV  
  20  2:44  Barracks Tech Lab  
  20  2:52  Orbital Command  
  20  2:53  Engineering Bay  
  20  2:57  Marine x2  
  22  3:09  Combat Shields  
  22  3:24  Marauder  
  24  3:29  Command Center  
  24  3:38  Factory  
  24  3:47  Barracks  
  24  3:49  Marine  
  24  3:50  Marine  
  26  4:11  SCV  
  26  4:15  Supply Depot  
  27  4:20  Marauder  
  27  4:21  Marine  
  27  4:22  Marine  
  31  4:36  SCV  
  32  4:45  Terran Infantry Weapons Level 1  
  32  4:49  SCV, Supply Depot  
  33  4:53  Engineering Bay  
  33  4:58  Factory Tech Lab  
  33  5:00  Stimpack  
  33  5:09  Barracks Reactor  
  33  5:10  SCV  
  34  5:22  SCV  
  33  5:34  SCV  
  32  5:42  Marine x2  
  30  5:44  Marine  
  30  5:46  SCV  
  30  5:58  Refinery  
  30  5:59  SCV, Marine x2  
  30  6:03  Refinery  
  34  6:11  SCV, Marine x2  
  35  6:15  Marauder  
  35  6:17  Marine x2  
  40  6:23  SCV  
  41  6:35  Marine x2  
  41  6:37  Marauder  
  41  6:38  Armory  
  45  6:40  Supply Depot  
  45  6:48  SCV  
  46  7:00  SCV  
  47  7:03  Supply Depot  
  47  7:12  SCV  
  47  7:13  Marine x2  
  47  7:14  Marine  
  47  7:15  Marine  
  52  7:25  SCV  
  54  7:37  SCV  
  54  7:41  Starport  
  54  7:42  Terran Infantry Weapons Level 2  
  54  7:44  Terran Infantry Armor Level 1  
  54  7:46  Drilling Claws  
  54  7:49  SCV  
  55  8:01  SCV  
  55  8:04  Supply Depot  
  56  8:05  Widow Mine  
  56  8:10  Marine x2  
  56  8:12  Marine x2  
  61  8:13  SCV  
  61  8:14  Marauder  
  65  8:25  SCV  
  66  8:29  Starport Reactor  
  66  8:34  Widow Mine  
  66  8:37  SCV  
  66  8:40  Starport  
  69  9:03  Widow Mine  
  69  9:04  Marine x2  
  69  9:05  Marine  
  69  9:06  Marine  
  69  9:08  Marauder  
  77  9:10  Medivac x2  
  81  9:29  Marauder  
  83  9:40  Marine x2  
  83  9:43  Marine  
  86  9:52  Orbital Command  
  86  10:05  Supply Depot  
  86  10:23  Medivac x2, Marine x4  
  94  10:28  Supply Depot  
  94  10:41  Marine  
  95  10:45  Supply Depot  
  95  10:47  Starport Reactor  
  95  10:51  Supply Depot  
  95  11:07  Supply Depot  
  95  11:16  Medivac x2  
Show
View Real Time Build Order
Export as new Build Order

A.I. 3 (Hard) Terran 

Build Orders: Bio Tank, MMM Bio 

Get SALT Encoding   

  12  0:01  SCV  
  13  0:13  SCV  
  14  0:19  Supply Depot  
  14  0:25  SCV  
  15  0:41  SCV  
  16  0:44  Barracks  
  16  0:51  Refinery  
  16  0:53  SCV  
  17  1:05  SCV  
  18  1:17  SCV  
  19  1:22  Supply Depot  
  19  1:30  SCV  
  19  1:32  Marine  
  21  1:42  Barracks, Orbital Command  
  21  1:50  Refinery  
  21  1:51  Barracks Tech Lab  
  21  2:09  Supply Depot, Marine  
  22  2:27  Marine  
  23  2:30  Marine  
  24  2:44  Marine  
  24  2:46  Supply Depot  
  24  2:48  Marine  
  26  3:02  Marine  
  27  3:05  Marine  
  28  3:17  Supply Depot  
  28  3:18  SCV  
  29  3:21  Marauder  
  29  3:23  Marine  
  32  3:30  SCV  
  32  3:32  Engineering Bay  
  33  3:41  Marine  
  33  3:42  SCV  
  33  3:44  Marine  
  36  3:54  SCV  
  37  3:59  Marine  
  40  4:03  Marauder  
  40  4:06  SCV  
  41  4:18  SCV  
  44  4:24  Marauder  
  46  4:45  Marauder  
  48  5:07  Marauder  
  48  6:20  Barracks Tech Lab  
  48  6:22  Terran Infantry Weapons Level 1, Stimpack  
  48  6:23  Factory  
  48  6:25  Factory  
  48  6:28  Supply Depot  
  48  6:30  Missile Turret  
  48  6:33  Command Center, Missile Turret  
  48  6:38  Concussive Shells  
  48  6:39  Barracks  
  48  6:51  Supply Depot  
  48  6:55  Bunker  
  48  7:06  Factory Tech Lab  
  48  7:11  Starport  
  48  7:17  Factory Tech Lab, Starport  
  48  7:21  Combat Shields  
  48  7:26  Cyclone  
  51  7:35  Siege Tank  
  54  7:46  SCV  
  54  7:47  SCV, Refinery  
  60  7:58  SCV, Siege Tank  
  60  8:00  SCV  
  60  8:02  Missile Turret  
  60  8:04  Missile Turret  
  61  8:06  Refinery, Starport Tech Lab x2  
  61  8:08  Sensor Tower  
  61  8:10  SCV  
  61  8:12  SCV  
  63  8:17  Terran Infantry Armor Level 1  
  63  8:22  SCV  
  63  8:24  SCV, Bunker  
  63  8:25  Raven  
  63  8:26  Raven  
  69  8:29  Armory  
  69  8:30  Barracks Reactor  
  69  8:34  SCV  
  69  8:36  SCV  
  71  8:46  SCV  
  71  8:48  SCV  
  73  8:59  SCV  
  73  9:00  SCV  
  75  9:11  SCV  
  75  9:12  SCV  
  75  9:15  Supply Depot  
  77  9:23  SCV  
  78  9:24  Viking  
  78  9:28  Viking  
  82  9:32  Hellion  
  86  9:38  Supply Depot, Hellion  
  86  9:52  SCV  
  86  9:53  Hellion  
  86  9:54  Viking  
  90  10:13  Viking  
  92  10:16  Supply Depot  
  92  10:17  Hellion  
  83  10:22  Hellion  
  83  10:25  SCV, Marine  
  83  10:27  SCV  
  57  10:29  Marine  
  57  10:33  Marine  
  51  10:37  SCV, Viking  
  51  10:39  SCV  
  51  10:44  Marauder  
  51  10:48  Viking, Marauder  
  45  10:52  Hellion  
  45  10:55  Hellion  
  38  11:01  Marine  
  39  11:07  Marine  
  39  11:13  Marine  
  39  11:17  Viking  
  33  11:21  Hellion  
  26  11:26  Marine  
  25  11:33  Marine  
  25  11:37  SCV  
  25  11:38  Marine  
  21  11:44  Marine  
  18  11:49  SCV  
  18  11:51  Marine  
Show
View Real Time Build Order
Export as new Build Order

A.I. 4 (Hard) Terran 

Build Orders: MMM Bio 

Get SALT Encoding   

  12  0:01  SCV  
  13  0:13  SCV  
  14  0:19  Supply Depot  
  14  0:25  SCV  
  15  0:41  SCV  
  16  0:44  Barracks  
  16  0:49  Refinery  
  16  0:53  SCV  
  17  1:05  SCV  
  18  1:17  SCV  
  19  1:20  Supply Depot  
  19  1:30  SCV  
  19  1:31  Marine  
  21  1:41  Barracks  
  21  1:42  Orbital Command  
  21  1:48  Refinery  
  21  1:50  Barracks Tech Lab  
  21  2:07  Supply Depot  
  23  2:08  Marauder  
  23  2:29  Marine  
  25  2:30  Marauder  
  26  2:42  Supply Depot  
  26  2:47  Marine  
  29  2:51  Marauder  
  29  2:53  SCV  
  30  3:04  Engineering Bay  
  30  3:05  SCV, Marine  
  32  3:12  Marine  
  33  3:17  SCV  
  34  3:20  Supply Depot  
  34  3:23  Marine  
  35  3:29  SCV  
  35  3:30  Marine  
  37  3:41  SCV  
  40  3:48  Marauder  
  40  3:53  SCV  
  43  4:10  Marauder  
  43  4:56  Barracks Tech Lab  
  43  4:57  Marine  
  43  4:58  Stimpack  
  43  4:59  Factory  
  44  5:03  Factory  
  44  5:10  Missile Turret  
  44  5:13  Command Center  
  44  5:14  Combat Shields  
  44  5:19  Terran Infantry Weapons Level 1  
  44  5:41  Missile Turret  
  40  5:45  Factory Tech Lab, Marauder  
  40  5:49  Starport  
  34  5:53  Marine  
  34  5:54  Factory Tech Lab, Starport  
  30  6:06  Marine  
  33  6:11  Marauder  
  33  6:23  Bunker, Marine  
  34  6:26  SCV  
  34  6:27  SCV  
  34  6:29  Refinery, Starport Tech Lab  
  34  6:32  Marine  
  37  6:38  SCV  
  37  6:39  SCV  
  39  6:41  Marine  
  39  6:43  Refinery, Starport Tech Lab  
  40  6:50  SCV, Marine  
  40  6:52  SCV  
  40  6:54  Siege Tank  
  46  7:01  Missile Turret  
  46  7:02  SCV, Siege Tank  
  46  7:04  SCV  
  46  7:08  Raven  
  53  7:11  Missile Turret, Marine  
  53  7:13  Terran Infantry Armor Level 1  
  53  7:14  SCV  
  55  7:16  SCV  
  55  7:20  Concussive Shells, Marauder  
  58  7:26  SCV  
  58  7:28  SCV, Cyclone  
  63  7:31  Supply Depot  
  63  7:32  Raven  
  63  7:36  Bunker  
  65  7:38  SCV  
  65  7:40  SCV  
  67  7:44  Sensor Tower  
  67  7:50  SCV  
  68  7:52  SCV  
  68  7:55  Armory  
  69  8:00  Supply Depot  
  69  8:03  SCV  
  69  8:04  SCV  
  71  8:13  Barracks  
  71  8:15  SCV  
  72  8:54  Widow Mine, Medivac  
  72  8:55  Medivac  
  78  8:56  Supply Depot  
  78  8:59  Marine  
  78  9:01  Barracks Reactor  
  79  9:17  Marine  
  79  9:20  Supply Depot  
  79  9:21  Marine  
  79  9:24  Raven  
  81  9:25  Medivac  
  81  9:26  Widow Mine  
  87  9:31  Command Center  
  87  9:35  Marine  
  87  9:36  Terran Infantry Weapons Level 2  
  88  9:40  Marauder  
  88  9:44  Hellion  
  92  9:47  Supply Depot  
  92  9:55  Hellion, Viking  
  92  9:59  Terran Vehicle Weapons Level 1  
  96  10:07  Banshee  
  96  10:11  Supply Depot  
  99  10:15  Marine  
  99  10:20  Hellion  
  99  10:24  Hellion  
  99  10:28  Marauder  
  88  10:34  Marauder  
  72  10:35  Viking  
  72  10:39  Bunker  
  72  10:41  Hellion  
  63  10:45  Hellion  
  63  10:49  Raven, Marauder  
  65  10:51  Marine  
  65  10:55  Marine  
  69  10:59  Marine  
  69  11:05  Raven  
  69  11:09  Marine  
  58  11:13  Hellion, Marine  
  58  11:17  Hellion  
  36  11:32  Viking  
  38  11:34  SCV  
  37  11:40  Marine  
  37  11:46  SCV, Marauder  
  28  11:57  Marine  
  28  11:58  SCV  
  23  12:02  Marine  
  24  12:10  SCV  
  24  12:13  Marine  
  25  12:19  Marine  
  23  12:23  Marine  
  21  12:30  Command Center  
Show
View Real Time Build Order
Export as new Build Order

A.I. 5 (Hard) Zerg 

Build Orders: Pool First 

Get SALT Encoding   

  12  0:01  Drone  
  13  0:12  Overlord  
  13  0:17  Drone  
  14  0:30  Drone  
  14  0:32  Drone  
  16  0:42  Spawning Pool  
  15  0:45  Drone  
  15  0:49  Drone  
  17  0:52  Extractor  
  17  0:55  Drone  
  17  1:06  Overlord  
  17  1:30  Queen  
  17  1:31  Zergling x2  
  20  1:37  Roach Warren, Zergling x2  
  20  1:38  Drone  
  21  1:42  Extractor  
  20  1:49  Drone  
  21  2:00  Drone  
  22  2:10  Overlord  
  22  2:21  Drone  
  23  2:32  Roach  
  25  2:37  Drone  
  25  2:38  Roach  
  25  2:42  Overlord  
  28  2:45  Roach  
  30  2:54  Roach  
  32  3:05  Roach  
  34  3:09  Drone  
  34  3:11  Overlord  
  34  3:12  Roach  
  37  3:17  Drone  
  38  3:28  Baneling Nest, Roach  
  39  3:34  Evolution Chamber  
  39  3:38  Roach  
  39  3:41  Drone  
  41  3:42  Drone  
  41  3:44  Drone  
  43  3:50  Drone  
  44  4:01  Drone  
  45  4:12  Drone  
  46  4:58  Lair, Overlord  
  46  4:59  Zerg Melee Weapons Level 1, Zergling x2  
  47  5:02  Evolution Chamber  
  47  5:03  Drone  
  47  5:05  Baneling  
  47  5:12  Zergling x2  
  48  5:16  Hatchery  
  45  5:28  Zerg Ground Armor Level 1  
  43  5:37  Zergling x2  
  40  5:45  Zergling x2  
  40  5:48  Metabolic Boost  
  41  5:54  Zergling x2  
  42  5:58  Spire  
  42  5:59  Drone  
  40  6:07  Burrow  
  40  6:12  Baneling, Zergling x2  
  41  6:30  Drone  
  41  6:32  Drone  
  43  6:33  Drone  
  43  6:35  Drone  
  43  6:36  Drone  
  43  6:38  Drone  
  43  6:39  Drone  
  48  6:41  Drone  
  48  6:44  Drone, Extractor  
  49  6:49  Drone  
  49  6:52  Drone  
  49  6:53  Drone  
  49  6:54  Zerg Missile Weapons Level 1  
  52  6:55  Drone  
  52  6:58  Hatchery  
  52  7:09  Drone  
  52  7:10  Mutalisk  
  52  7:14  Overlord  
  55  7:17  Drone, Mutalisk  
  55  7:22  Drone  
  59  7:24  Drone, Mutalisk  
  59  7:25  Drone  
  63  7:30  Drone  
  63  7:32  Drone  
  65  7:39  Overseer  
  65  7:41  Drone, Overseer  
  65  7:43  Overlord  
  66  7:52  Drone  
  66  7:53  Spore Crawler, Mutalisk  
  66  7:54  Drone  
  66  7:57  Spore Crawler  
  68  7:59  Drone  
  68  8:00  Spore Crawler, Mutalisk  
  68  8:03  Drone  
  71  8:07  Spore Crawler, Drone  
  71  8:09  Mutalisk  
  73  8:14  Drone  
  73  8:15  Drone  
  75  8:21  Drone  
  75  8:24  Spine Crawler  
  75  8:25  Drone  
  75  8:26  Drone  
  77  8:28  Drone  
  77  8:29  Drone  
  77  8:31  Drone  
  77  8:33  Spore Crawler  
  79  8:34  Drone  
  79  8:35  Spore Crawler  
  79  8:37  Drone  
  79  8:38  Overlord  
  80  8:42  Drone  
  80  8:47  Drone  
  80  8:48  Spine Crawler  
  81  8:49  Drone  
  81  8:53  Drone  
  81  8:54  Spine Crawler  
  82  8:58  Infestation Pit  
  81  9:03  Zergling x2  
  81  9:07  Roach  
  83  9:16  Hatchery  
  78  9:23  Overlord  
  74  9:24  Overseer  
  74  9:26  Zergling x2  
  74  9:30  Zergling x2  
  66  9:34  Zergling x2  
  66  9:38  Roach  
  62  9:44  Infestor  
  60  9:48  Overseer  
  60  9:51  Roach  
  62  9:57  Infestor  
  62  9:58  Hatchery  
  63  10:04  Infestor  
  63  10:05  Pneumatized Carapace  
  65  10:11  Infestor  
  67  10:16  Zergling x2  
  67  10:20  Zergling x2  
  69  10:22  Hydralisk Den  
  69  10:27  Extractor  
  62  10:29  Extractor  
  62  10:33  Roach  
  55  10:37  Zergling x2  
  55  10:41  Zergling x2  
  50  10:45  Roach  
  50  10:48  Zergling x2  
  42  10:50  Drone  
  42  10:52  Zergling x2  
  38  10:58  Hydralisk  
  38  10:59  Drone  
  41  11:06  Drone  
  40  11:12  Drone  
  41  11:21  Drone  
  41  11:24  Drone  
  36  11:25  Extractor  
  36  11:32  Drone  
  27  11:34  Drone  
  17  11:56  Drone  
  17  11:58  Drone  
  18  12:17  Drone  
  18  12:18  Drone  
  18  12:20  Drone  
  18  12:21  Drone  
  16  12:23  Drone  
  16  12:24  Drone  
Tags
 
Add a new tag
Caveats
  • Supply blocks, unpowered buildings, or Contaminate may cause inaccurate times.
  • Supply counts are checked every 10 seconds.